 Dungeon Crawl Stone Soup version 0.31.0-32-g396128a36d (webtiles) character file.

Game seed: 15999228206510516361

18597 H0rd4k the Fighter (level 12, -4/90 HPs)
             Began as an Octopode Artificer on Mar 21, 2024.
             Was an Initiate of Gozag.
             Killed from afar by an electric eel (12 damage)
             ... with a bolt of electricity
             ... on level 4 of the Lair of Beasts.
             The game lasted 00:31:22 (18171 turns).

H0rd4k the Fighter (Octopode Artificer)            Turns: 18171, Time: 00:31:24

Health: -4/90      AC:  1    Str: 21    XL:     12   Next: 60%
Magic:  31/31      EV: 13    Int: 21    God:    Gozag
Gold:   351        SH:  0    Dex: 16    Spells: 18/24 levels left

rFire   + . .        n - +5 dagger (elec)
rCold   + . .        u - orb {*Rage}
rNeg    . . .        (helmet currently unavailable)
rPois   +            T - amulet "Rodaepn" {Regen+ Int+2 Dex+4}
rElec   .            e - ring of magical power
rCorr   +            d - ring of protection from cold
SInv    +            A - ring of protection from fire
Will    .....        c - ring of the Scavenger {rPois rCorr Slay+5 SInv Stlth+}
Stlth   ++++         V - +10 ring of strength
HPRegen 1.15/turn    Z - ring of see invisible
MPRegen 0.22/turn    (no ring)
                     (no ring)

%: random rage (20%)
@: beast-form, gold aura, on berserk cooldown, slowed, very slow
A: beast (slay +3), almost no armour, amphibious, 8 rings, camouflage 1,
gelatinous body 1, (nimble swimmer 1), tentacles
a: Begin Untransformation, Renounce Religion, Potion Petition, Call Merchant,
Bribe Branch


You were on level 4 of the Lair of Beasts.
You worshipped Gozag.
Gozag was aware of your devotion.
You were a hulking beast.
You visited 3 branches of the dungeon, and saw 16 of its levels.

You collected 2471 gold pieces.
You spent 1667 gold pieces at shops.
You paid 453 gold pieces to Gozag.

Inventory:

Hand Weapons
 n - a +5 dagger of electrocution (weapon)
 p - a +0 dagger of venom
 q - the +9 staff of Olgreb {rPois∞}
   (You acquired it on level 9 of the Dungeon)

   Radiate:   It can be activated via the 'a'bility menu to radiate toxic
   energy, with effectiveness depending on Evocations skill.
   Alch:      It enhances your alchemy magic.
   rPois∞: It grants immunity to poison.
Missiles
 o - 37 poisoned darts (quivered)
 w - 5 atropa-tipped darts
 G - a curare-tipped dart
 W - a throwing net
Armour
 u - an orb of wrath (worn)
Magical Staves
 k - a staff of death
 r - a staff of alchemy
 I - a staff of cold
Jewellery
 c - the ring of the Scavenger (on tentacle) {rPois rCorr Slay+5 SInv Stlth+}
   (You bought it in a shop on level 7 of the Dungeon)

   [ring of poison resistance]

   Slay+5:    It affects your accuracy & damage with ranged weapons and melee
   (+5).
   rPois:     It protects you from poison SInv: It lets you see invisible.
   rCorr:     It protects you from acid and corrosion.
   Stlth+:    It makes you more stealthy.
 d - a ring of protection from cold (right tentacle)
 e - a ring of magical power (left tentacle)
 A - a ring of protection from fire (on tentacle)
 N - an amulet of guardian spirit
 T - the amulet "Rodaepn" (around mantle) {Regen+ Int+2 Dex+4}
   (You found it on level 3 of the Lair of Beasts)

   [amulet of regeneration]

   Int+2:     It affects your intelligence (+2).
   Dex+4:     It affects your dexterity (+4).
   Regen+:    It increases your rate of health regeneration.
 V - a +10 ring of strength (on tentacle)
 Z - a ring of see invisible (on tentacle)
Talismans
 v - a flux talisman
 x - the serpent talisman "Uthraegg" {+Blink rCorr}
   (You found it on level 8 of the Dungeon)

   [serpent talisman]

   +Blink:    It lets you blink.
   rCorr:     It protects you from acid and corrosion.
 O - a maw talisman
 S - a beast talisman (active)
Wands
 b - a wand of flame (21)
 K - a wand of roots (5)
 P - a wand of paralysis (5)
 Q - a wand of polymorph (4)
 Y - a wand of mindburst (10)
Scrolls
 h - 5 scrolls of teleportation
 i - 5 scrolls of enchant armour
 l - 3 scrolls of fear
 t - a scroll of summoning
 y - 2 scrolls of revelation
 z - 2 scrolls of amnesia
 B - 2 scrolls of fog
 C - a scroll of poison
 F - 3 scrolls of vulnerability
 L - 2 scrolls of silence
 M - 5 scrolls of blinking
Potions
 a - 9 potions of curing
 f - a potion of invisibility {unknown}
 g - a potion of enlightenment {unknown}
 j - 2 potions of degeneration
 s - 3 potions of haste
 D - a potion of resistance
 E - 2 potions of heal wounds
 H - a potion of might
 R - a potion of mutation {unknown}
 U - a potion of brilliance {unknown}
 X - a potion of ambrosia {unknown}
Miscellaneous
 m - a lightning rod (4/4)
 J - a box of beasts


   Skills:
 + Level 11.5 Fighting
 - Level 9.1 Short Blades
 - Level 0.6 Throwing
 - Level 2.3 Dodging
 - Level 1.3 Stealth
 + Level 7.2 Unarmed Combat
 * Level 6.8 Spellcasting
 + Level 4.6 Hexes
 + Level 3.1 Alchemy
 + Level 6.1 Evocations
 * Level 5.7 Shapeshifting


You had 18 spell levels left.
You knew the following spells:

 Your Spells              Type           Power      Damage    Failure   Level
a - Confusing Touch       Hex            26%        N/A       4%          3
b - Sigil of Binding      Hex            26%        N/A       4%          3

Your spell library contained the following spells:

 Spells                   Type           Power      Damage    Failure   Level
 Slow                     Hex            100%       N/A       1%          1
 Sting                    Conj/Alch      52%        1d6       4%          1
 Apportation              Tloc           14%        N/A       9%          1
 Necrotise                Necr           28%        1d5       9%          1
 Summon Small Mammal      Summ           28%        N/A       9%          1
 Stone Arrow              Conj/Erth      14%        3d7       26%         3
 Vampiric Draining        Necr           7%         2d6       26%         3
 Leda's Liquefaction      Alch/Erth      6%         N/A       43%         4
 Lee's Rapid Deconstruct  Erth           3%         3d5*      94%         5
 Bombard                  Conj/Erth      3%         9d1       100%        6
 Lehudib's Crystal Spear  Conj/Erth      3%         10d3      100%        8
 Animate Armour           Summ/Erth      Unusable   N/A       N/A         4

Dungeon Overview and Level Annotations

Branches:
Dungeon (11/15)            Temple (1/1) D:4            Lair (4/5) D:11
 Shoals (0/4) Lair:2        Snake (0/4) Lair:2          Orc (0/2) D:10
  Slime: Lair:4-5

Altars:
Ashenzari
Cheibriados
Dithmenos
Elyvilon
Fedhas
Gozag
Hepliaklqana
Kikubaaqudgha
Makhleb
Nemelex Xobeh
Okawaru
Qazlal
Ru
Sif Muna
Trog
Uskayaw
Vehumet
Wu Jian
Xom
Yredelemnul
Zin
The Shining One

Shops:
D:1 [   D:6 *   D:7 *=

Annotations:
D:5 2 transporters, raetorn's ghost, amateur FeWr
D:8 exclusion: orc warrior
D:11 exclusions: two-headed ogre and upstairs
Lair:2 exclusions: oklob plant and upstairs
Lair:3 exclusion: downstairs
Lair:4 Josephine; Nessos


Innate Abilities, Weirdness & Mutations

You are a hulking beast.
Your limbs bulge with bestial killing power. (Slay +3)
You cannot wear most types of armour.
You are amphibious.
You can wear up to eight rings at the same time.
Your skin changes colour to match your surroundings (Stealth+).
Your rubbery body absorbs attacks. (AC +1, EV +1)
((You are camouflaged when in or above water. (Stealth+)))
You have tentacles for arms and can constrict up to eight enemies at once.


Message History

You puncture the rime drake!
The rime drake is heavily wounded.
The black mamba is no longer distracted by gold.
The rime drake closely misses you.
You barely miss the rime drake.
The rime drake is heavily wounded.
The komodo dragon closely misses you. The rime drake bites you.
The black mamba misses you.
The rime drake attacks as it pursues you!
The rime drake closely misses you. The black mamba closely misses you.
The black mamba is distracted by your dazzling golden aura.
The rime drake breathes ice at you. The icy flash freeze hits you!!
You partially resist.
You are encased in ice.
The komodo dragon closely misses you.
The black mamba hisses angrily.
The black mamba is no longer distracted by gold.
The rime drake completely misses you.
The komodo dragon is distracted by your dazzling golden aura.
The rime drake bites you.
You closely miss the rime drake.
The komodo dragon hisses angrily.
You squeeze the rime drake.
The rime drake is severely wounded.
The electric eel shoots out a bolt of lightning at you!
The bolt of electricity hits you!
* * * LOW HITPOINT WARNING * * *
The bolt of electricity hits you!
* * * LOW HITPOINT WARNING * * *
The bolt of electricity misses the electric eel.
The rime drake bites you.
* * * LOW HITPOINT WARNING * * *
Blink to where?
Press: ? - help, Dir - move target
As you read the scroll of blinking, it crumbles to dust.
The ice encasing you melts away.
The electric eel shoots out a bolt of lightning at you!
The bolt of electricity hits you!
You die...
Your body crumbles into a pile of gold. .....# ####............ #PPP.

##........... #..#.##
#............
.......####............
....#...##...........
#.....~≈.#..........
#....~≈≈.............. ###
#...≈≈≈≈##..#........ ≈..###
##..h≈≈≈##.#......... ......
##..$≈≈#.####......#
~≈...≈#######..≈≈##..........#
≈~~......##....≈≈#...........#
≈≈≈~~≈........≈≈≈# ##........#
≈≈≈≈≈≈~$≈..~~≈≈≈≈# #.#....# #
≈≈≈≈≈≈≈≈$SlSk≈≈≈## #.....# ##
≈≈≈~###≈≈≈≈≈§#### ##...P# #' ~
######## ## #....####.


You could see a rime drake and an electric eel.

Vanquished Creatures
  A two-headed ogre (D:11)
  A skyshark (Lair:3)
  A black mamba (Lair:4)
  8 cane toads
  6 komodo dragons
  A troll (D:9)
  9 blink frogs
  Sigmund (D:4)
  27 yaks
  3 wraiths
  A basilisk (Lair:2)
  A steam dragon (D:7)
  4 nagas (Lair:2)
  11 water moccasins
  2 acid dragons
  Duvessa (D:6)
  2 sky beasts
  4 orc warriors
  An ice beast (D:7)
  A black bear (Lair:4)
  An ogre (D:4)
  5 wolves
  Blork the orc (D:5)
  2 kobold brigands
  14 bullfrogs
  3 scorpions
  3 wights (D:9)
  9 killer bees
  2 electric eels
  3 howler monkeys (D:7)
  2 bombardier beetles
  3 hounds (D:5)
  9 orc priests
  2 gnoll boudas
  Crazy Yiuf (D:3)
  4 iguanas
  7 orc wizards
  9 gnolls
  5 adders
  A shadow imp (D:6)
  2 white imps (D:7)
  4 ufetubi (D:6)
  A ribbon worm (D:3)
  5 dart slugs
  35 orcs
  9 bats
  5 endoplasms
  4 giant cockroaches
  6 goblins
  3 hobgoblins
  2 jackals (D:3)
  16 kobolds
  A quokka (D:1)
  4 ball pythons
  4 frilled lizards
  6 rats
  A spectral goblin (D:3)
280 creatures vanquished.

Vanquished Creatures (collateral kills)
  2 orc warriors (D:10)
  An ogre (D:6)
  Dowan (D:6)
  2 killer bees (D:10)
  A hound (D:6)
  An orc priest (D:9)
  An orc (D:10)
9 creatures vanquished.

Vanquished Creatures (others)
  A shadow (D:10)
1 creature vanquished.

Grand Total: 290 creatures vanquished

Notes
Turn   | Place    | Note
-------+----------+-------------------------------------------
     0 | D:1      | H0rd4k the Octopode Artificer began the quest for the Orb.
     0 | D:1      | Reached XP level 1. HP: 13/13 MP: 1/1
   168 | D:1      | Reached skill level 1 in Unarmed Combat
   254 | D:1      | Reached XP level 2. HP: 17/18 MP: 2/2
   388 | D:1      | Found Coyc's Antique Armour Shop.
   539 | D:1      | Reached XP level 3. HP: 18/23 MP: 3/3
   938 | D:2      | Found an ancient bone altar of Kikubaaqudgha.
  1723 | D:3      | Reached XP level 4. HP: 15/29 MP: 4/4
  1891 | D:3      | Found a faded altar of an unknown god.
  2068 | D:3      | Found an ancient bone altar of Kikubaaqudgha.
  2069 | D:3      | Found a white marble altar of Elyvilon.
  2075 | D:3      | Found a blossoming altar of Fedhas.
  2078 | D:3      | Found a hazy altar of Hepliaklqana.
  2078 | D:3      | Found a shadowy altar of Dithmenos.
  2082 | D:3      | Found an iron altar of Okawaru.
  2086 | D:3      | Found a sacrificial altar of Ru.
  2109 | D:3      | Reached skill level 2 in Fighting
  2293 | D:3      | Reached skill level 1 in Short Blades
  2293 | D:3      | Reached XP level 5. HP: 34/34 MP: 5/5
  2323 | D:3      | Found a runed translucent door.
  2324 | D:3      | Noticed Crazy Yiuf
  2624 | D:4      | Noticed an ogre
  2631 | D:4      | Killed an ogre
  2678 | D:4      | Found a staircase to the Ecumenical Temple.
  2772 | Temple   | Entered the Ecumenical Temple
  3166 | D:4      | Noticed Sigmund
  3169 | D:4      | Killed Sigmund
  3170 | D:4      | Reached skill level 3 in Fighting
  3170 | D:4      | Reached skill level 5 in Unarmed Combat
  3170 | D:4      | Reached XP level 6. HP: 42/42 MP: 6/6
  3452 | D:5      | Entered Level 5 of the Dungeon
  3525 | D:5      | Noticed raetorn's ghost (amateur FeWr)
  3526 | D:5      | Found a transporter.
  3535 | D:5      | Found a transporter.
  3588 | D:5      | Reached XP level 7. HP: 38/46 MP: 7/7
  3733 | D:5      | Noticed Blork the orc
  3745 | D:5      | Killed Blork the orc
  4126 | D:5      | Noticed a vampire
  4127 | D:5      | Noticed a yak
  4533 | D:6      | Reached skill level 4 in Fighting
  4533 | D:6      | Reached XP level 8. HP: 50/54 MP: 8/8
  4563 | D:6      | Noticed Duvessa
  4565 | D:6      | Noticed Dowan
  4581 | D:6      | Killed Dowan
  4583 | D:6      | Reached skill level 5 in Short Blades
  4596 | D:6      | Killed Duvessa
  4906 | D:6      | Found Gozag's Platinum Reserve.
  4909 | D:6      | Found an opulent altar of Gozag.
  4917 | D:6      | Became a worshipper of Gozag Ym Sagoz the Greedy
  5585 | D:6      | Learned a level 3 spell: Confusing Touch
  5589 | D:6      | Learned a level 3 spell: Sigil of Binding
  5832 | D:7      | Found an ornate altar of the Wu Jian Council.
  6040 | D:7      | Found Paff's Assorted Antiques.
  6053 | D:7      | Reached skill level 5 in Fighting
  6110 | D:7      | Found a hide-covered altar of Uskayaw.
  6154 | D:7      | Reached XP level 9. HP: 29/61 MP: 9/9
  6286 | D:7      | Found Wana Ita's One-of-a-Kind Rings.
  6408 | D:7      | Reached skill level 6 in Fighting
  6568 | D:7      | Found a glowing golden altar of the Shining One.
  7091 | D:3      | Killed Crazy Yiuf
  7279 | D:8      | Identified the serpent talisman "Uthraegg" {+Blink rCorr}
  7373 | D:8      | Found a burning altar of Makhleb.
  8620 | D:9      | Identified a scroll of acquirement
  8620 | D:9      | Acquired the +9 staff of Olgreb {rPois∞}
  8620 | D:9      | Found the +9 staff of Olgreb {rPois∞}
  8808 | D:9      | Reached skill level 1 in Alchemy
  8809 | D:9      | Reached skill level 7 in Fighting
  8809 | D:9      | Reached skill level 1 in Spellcasting
  8823 | D:9      | Reached XP level 10. HP: 22/71 MP: 11/11
  9012 | D:9      | Found a snail-covered altar of Cheibriados.
  9680 | D:10     | Entered Level 10 of the Dungeon
  9713 | D:10     | Found a radiant altar of Vehumet.
  9763 | D:10     | Found a staircase to the Orcish Mines.
 10375 | D:10     | Noticed a two-headed ogre
 10446 | D:10     | Reached skill level 1 in Shapeshifting
 10756 | D:7      | Bought the ring of the Scavenger {rPois rCorr Slay+5 SInv
                  | Stlth+} for 666 gold pieces
 11268 | D:11     | Found a staircase to the Lair.
 11336 | D:11     | Reached skill level 8 in Fighting
 11664 | D:11     | Noticed a two-headed ogre
 11850 | D:11     | Found a broken altar of Ashenzari.
 11906 | D:11     | Noticed a two-headed ogre
 11940 | D:11     | Killed a two-headed ogre
 11941 | D:11     | Reached skill level 1 in Hexes
 12242 | Lair:1   | Entered Level 1 of the Lair of Beasts
 12458 | Lair:2   | Found a staircase to the Shoals.
 12489 | Lair:2   | Reached XP level 11. HP: 27/78 MP: 16/16
 12840 | Lair:1   | Reached skill level 9 in Fighting
 13527 | Lair:1   | Reached skill level 5 in Evocations
 13619 | Lair:1   | You fall into a shaft and drop 1 floor!
 13982 | Lair:2   | Found a staircase to the Snake Pit.
 14072 | Lair:2   | Found a blossoming altar of Fedhas.
 14086 | Lair:2   | Noticed an oklob plant
 15155 | Lair:1   | Reached skill level 5 in Spellcasting
 15915 | Lair:3   | Reached skill level 10 in Fighting
 16396 | Lair:3   | Identified the amulet "Rodaepn" {Regen+ Int+2 Dex+4}
 16525 | Lair:3   | Reached XP level 12. HP: 87/87 MP: 20/20
 16724 | D:7      | Bought a +10 ring of strength for 1001 gold pieces
 17010 | Lair:3   | Reached skill level 5 in Shapeshifting
 17359 | Lair:3   | Noticed a skyshark
 17375 | Lair:3   | Killed a skyshark
 17376 | Lair:3   | Reached skill level 11 in Fighting
 17512 | Lair:3   | Found a glowing silver altar of Zin.
 17644 | Lair:4   | Noticed Josephine
 17760 | Lair:4   | Noticed Nessos
 18171 | Lair:4   | Killed from afar by an electric eel

Illustrated notes

Levels and vault maps discovered:
D:1:      erik_arrival_triangle_medium, layout_loops_ring, serial_shops, shop
D:2:      layout_loops_ring, basic_altar
D:3:      layout_loops_ring, nicolae_overflow_hallway_of_the_gods,
          dreamdust_ecumenical_altar_drowned_temple, uniq_crazy_yiuf_cottage
D:4:      layout_basic, minmay_temple_entry_fiery, hangedman_decor_riveting,
          uniq_sigmund
D:5:      layout_basic, gammafunk_ghost_smash, serial_glass, glass_columns_b,
          glass_columns_c, glass_columns_a, glass_columns_c, glass_columns_a,
          glass_columns_a, glass_columns_a, glass_columns_b,
          lightli_corner_chamber, uniq_blork_the_orc
D:6:      layout_basic, nicolae_gozag_zags_fifth_avenue, serial_rivers,
          chequers_serial_rivers_marsh, chequers_serial_rivers_large_b,
          chequers_serial_rivers_micro_d, chequers_serial_rivers_micro_c,
          chequers_serial_rivers_marsh, uniq_duvessa
D:7:      layout_basic, nicolae_uskayaw_suspiria, mainiacjoe_overflow_paths,
          nicolae_wu_jian_wuxing_cycle, serial_shops, shop,
          kennysheep_nondescript, nicolae_shop_unique_rings, dk_noncrumbling_4,
          minivault_24
D:8:      layout_loops_corners, bloody_makhleb, kennysheep_another_room
D:9:      layout_basic, chei_slow_surprise, nicolae_figureground_sparkle
D:10:     layout_basic, fiery_altar_vehumet, david_orc_3, serial_rivers,
          chequers_serial_rivers_micro_c, chequers_serial_rivers_small_3,
          chequers_serial_rivers_micro_a, chequers_serial_rivers_micro_c,
          chequers_serial_rivers_micro_b
D:11:     layout_roguey, lair_entry_dummy, evilmike_ruin_ashenzari
Temple:   hellmonk_temple_two_chambers
Lair:1:   layout_roguey, chequers_serial_rivers_marsh
Lair:2:   layout_long_grid, elwin_shoals_entry_rocks,
          minmay_snake_entry_guardpost_small, tgw_fedhas
Lair:3:   layout_chaotic_city, basic_altar, serial_bayou_shore_a
Lair:4:   layout_small_grid, serial_rivers, chequers_serial_rivers_micro_e,
          chequers_serial_rivers_room_a, chequers_serial_rivers_room_a,
          chequers_serial_rivers_micro_d, nicolae_lair_lakeside_cave,
          uniq_nessos, uniq_josephine

Skill      XL: |  1  2  3  4  5  6  7  8  9 10 11 12 |
---------------+-------------------------------------+-----
Unarmed Combat | 1 2 3 5 6 7 |  7.2
Fighting       | 2 3 4 5 7 8 10 11 | 11.5
Short Blades   | 1 2 3 4 6 8 9 |  9.1
Alchemy        | 1 3 |  3.1
Spellcasting   | 1 3 5 6 |  6.8
Shapeshifting  | 2 4 5 |  5.7
Evocations     | 4 5 6 |  6.1
Hexes          | 1 4 |  4.6
Throwing       | |  0.6
Dodging        | |  2.3
Stealth        | |  1.3

Action                     |  1- 3 |  4- 6 |  7- 9 | 10-12 || total
---------------------------+-------+-------+-------+-------++-------
  Melee: Unarmed           |    78 |       |       |       ||    78
         Constrict         |    19 |    13 |    58 |    53 ||   143
         Tentacles         |    21 |    12 |    75 |   110 ||   218
         Dagger            |     5 |    53 |   287 |   396 ||   741
         Punch             |       |     1 |    15 |    27 ||    43
  Throw: Dart              |       |       |       |    66 ||    66
   Cast: Confusing Touch   |       |       |       |     3 ||     3
         Sigil of Binding  |       |       |       |     1 ||     1
 Invoke: Potion Petition   |       |       |     1 |       ||     1
  Evoke: Wand              |       |     7 |    19 |    13 ||    39
    Use: Scroll            |       |       |    16 |     8 ||    24
         Potion            |       |       |     2 |       ||     2
   Stab: Sleeping          |    12 |     9 |     5 |     6 ||    32
         Distracted        |       |       |       |     1 ||     1
 Armour: Skin              |    32 |    20 |   125 |   175 ||   352
  Dodge: Dodged            |    32 |    35 |   134 |   135 ||   336
   Form: Beast             |       |       |       |     1 ||     1
